 Dungeon Crawl Stone Soup version 0.27-a0-1189-gb8eb6cee8e (webtiles) character file.

Game seed: 7731321896579261992

2384 tilp the Summoner (level 9, -1/68 HPs)
             Began as a Barachi Summoner on May 22, 2021.
             Was a Believer of Okawaru.
             Killed from afar by a steam dragon (19 damage)
             ... with a ball of steam
             ... on level 8 of the Dungeon.
             The game lasted 00:15:12 (9226 turns).

tilp the Summoner (Barachi Summoner)                Turns: 9226, Time: 00:15:13

Health: -1/68      AC:  6    Str: 12    XL:     9   Next: 45%
Magic:  13/15      EV: 11    Int: 19    God:    Okawaru [**....]
Gold:   76         SH:  5    Dex: 13    Spells: 10/16 levels left

rFire    . . .     SeeInvis .   a - +11 trident of Spores {venom, Int+3}
rCold    . . .     Faith    .   q - +0 buckler
rNeg     . . .     Spirit   .   o - +1 ring mail
rPois    .         Reflect  .   (no helmet)
rElec    .         Harm     .   r - scarf {shadows}
rCorr    .         Rampage  .   (no gloves)
Will     .....                  (no boots)
Stlth    ++........             (no amulet)
HPRegen  0.21/turn              h - +4 ring of slaying
MPRegen  0.14/turn              (no ring)

@: slow
A: amphibious, slowness 1, strong legs 1, +LOS
a: Hop, Renounce Religion, Heroism


You were on level 8 of the Dungeon.
You worshipped Okawaru.
Okawaru was pleased with you.
You visited 2 branches of the dungeon, and saw 9 of its levels.
You also visited: Sewer.

You collected 350 gold pieces.
You spent 274 gold pieces at shops.

Inventory:

Hand Weapons
 a - the +11 trident of Spores (weapon) {venom, Int+3}
   (You bought it in a shop on level 2 of the Dungeon)

   It poisons the flesh of those it strikes.
   It affects your intelligence (+3).
Missiles
 f - 2 throwing nets
Armour
 b - a +0 cloak
 c - a +0 leather armour
 o - a +1 ring mail (worn)
 q - a +0 buckler (worn)
 r - a scarf of shadows (worn)
 y - +0 steam dragon scales
Jewellery
 h - a +4 ring of slaying (left hand)
Wands
 w - a wand of iceblast (6)
 A - a wand of polymorph (8)
Scrolls
 e - a scroll of brand weapon
 g - 5 scrolls of teleportation
 l - a scroll of fog
 v - a scroll of magic mapping
 x - 3 scrolls of enchant weapon
 B - a scroll of enchant armour
Potions
 d - 2 potions of might
 i - 2 potions of curing
 j - 5 potions of flight
 k - 4 potions of attraction
 m - 2 potions of berserk rage
 n - 4 potions of brilliance
 p - a potion of resistance
 s - a potion of invisibility
 t - 2 potions of haste
 u - a potion of heal wounds
 z - a potion of ambrosia {unknown}


   Skills:
 + Level 5.2 Fighting
 - Level 4.0 Polearms
 - Level 4.0 Dodging
 - Level 4.0 Stealth
 - Level 4.0 Shields
 - Level 4.0 Spellcasting
 - Level 8.0 Summonings
 + Level 4.7 Invocations
 + Level 2.8 Evocations


You had 10 spell levels left.
You knew the following spells:

 Your Spells              Type           Power      Damage    Failure   Level
a - Summon Small Mammal   Summ           100%       N/A       1%          1
b - Call Imp              Summ           34%        N/A       1%          2
c - Call Canine Familiar  Summ           34%        N/A       3%          3

Your spell library contained the following spells:

 Spells                   Type           Power      Damage    Failure   Level
 Summon Guardian Golem    Hex/Summ       19%        N/A       19%         3
 Animate Skeleton         Necr           6%         N/A       30%         1
 Beastly Appendage        Tmut           6%         N/A       30%         1
 Corona                   Hex            3%         N/A       30%         1
 Pain                     Necr           12%        1d4       30%         1
 Ensorcelled Hibernation  Hex/Ice        6%         N/A       43%         2
 Wereblood                Tmut           3%         N/A       43%         2
 Summon Ice Beast         Ice/Summ       19%        N/A       52%         4
 Summon Lightning Spire   Summ/Air       19%        N/A       52%         4
 Confusing Touch          Hex            3%         N/A       67%         3
 Dazzling Flash           Conj/Hex       6%         N/A       67%         3
 Spider Form              Tmut/Pois      1%         N/A       67%         3
 Tukima's Dance           Hex            3%         N/A       67%         3
 Vampiric Draining        Necr           1%         2d6       67%         3
 Animate Dead             Necr           1%         N/A       97%         4
 Ice Form                 Ice/Tmut       3%         N/A       97%         4
 Agony                    Necr           3%         N/A       100%        5
 Hydra Form               Tmut           1%         N/A       100%        5


Dungeon Overview and Level Annotations

Branches:
Dungeon (8/15)             Temple (1/1) D:6           Sewer (visited)
   Lair: D:8-11

Altars:
Ashenzari
Cheibriados
Dithmenos
Fedhas
Gozag
Hepliaklqana
Kikubaaqudgha
Makhleb
Okawaru
Qazlal
Ru
Sif Muna
Trog
Uskayaw
Vehumet
Wu Jian
Xom
Yredelemnul
Zin
The Shining One

Shops:
D:2 (   D:3 !


Innate Abilities, Weirdness & Mutations

You are amphibious.
You cover ground slowly.
You can hop short distances.
You have an extended range of vision and can be seen from far away.


Message History

Okawaru accepts your kill.
Reactivating autopickup.
You feel a bit more experienced.
You swap places.
The steam dragon hisses angrily.
You barely miss the steam dragon.
Your bat hits the steam dragon but does no damage.
The steam dragon bites you. The steam dragon claws you.
Your hound barely misses the steam dragon.
The steam dragon breathes steam at you. The ball of steam hits you!
You puncture the steam dragon!
The steam dragon is heavily wounded.
You are engulfed in a cloud of scalding steam.
Your bat hits the steam dragon.
Your bat hits the steam dragon but does no damage.
Your hound bites the steam dragon but does no damage.
Your bat hits the steam dragon but does no damage.
The steam dragon breathes steam at you. The ball of steam hits you!
Your bat is engulfed in a cloud of scalding steam.
Your bat dies!
Your bat's corpse disappears in a puff of smoke!
Your hound is engulfed in a cloud of scalding steam.
Your hound closely misses the steam dragon.
Your hound is engulfed in a cloud of scalding steam.
Your hound dies!
Your hound's corpse disappears in a puff of smoke!
The steam dragon closely misses you. The steam dragon claws you.
* * * LOW HITPOINT WARNING * * *
You puncture the steam dragon!
The steam dragon looks as sick as possible!
The steam dragon is severely wounded.
The steam dragon breathes steam at you. The ball of steam hits you.
* * * LOW HITPOINT WARNING * * *
Unknown command.
The steam dragon breathes steam at you. The ball of steam hits you!!
You die...

#.#.........# #####
#.#........## #....####
#.#......###
##.......###.......##
##..........#.....###
#.......§.§....§...#
#......D....§.#.(....#
......§.§......##......
.^....§§@..(....###....
......§§........# #...
.......§.......[# ...
.......§........#
.......§..........
##................
###############


You could see a steam dragon (extremely poisoned, catching breath).

Vanquished Creatures
  Maggie (D:7)
  A hornet (D:7)
  A wyvern (D:7)
  Edmund (D:5)
  An ice beast (D:6)
  2 sky beasts
  A black bear (D:7)
  An ogre (D:5)
  2 centaurs
  2 bullfrogs
  A kobold brigand (D:7)
  A water moccasin skeleton (D:6)
  2 wights (D:7)
  A centaur zombie (D:7)
  2 orc priests (D:7)
  A bullfrog skeleton (D:7)
  3 hounds
  A centaur skeleton (D:5)
  2 iguanas
  An orc wizard (D:5)
  A scorpion zombie (D:5)
  2 killer bee zombies (D:7)
  A hound skeleton (D:5)
  2 howler monkey zombies (D:5)
  7 adders
  2 river rats (D:5)
  3 white imps
  2 worms
  4 dart slugs
  7 orcs
  16 bats
  11 endoplasms
  5 giant cockroaches
  4 hobgoblins
  10 jackals
  3 kobolds
  8 ball pythons
  10 frilled lizards
  2 goblins
  A quokka skeleton (D:4)
  3 rats
132 creatures vanquished.

Vanquished Creatures (collateral kills)
  2 ogres
  A water moccasin skeleton (D:5)
  A wight (D:7)
  An iguana (D:4)
  3 adders
  3 worms
  2 dart slugs
  4 orcs
  5 ball pythons
  3 endoplasms
  2 goblins (D:1)
  2 jackals (D:3)
  2 kobolds (D:1)
  4 quokkas
  2 bats
  A quokka skeleton (D:4)
  5 rats
43 creatures vanquished.

Grand Total: 175 creatures vanquished

Notes
Turn   | Place    | Note
-------+----------+-------------------------------------------
     0 | D:1      | tilp the Barachi Summoner began the quest for the Orb.
     0 | D:1      | Reached XP level 1. HP: 13/13 MP: 3/3
    95 | D:1      | Reached skill level 1 in Fighting
   570 | D:1      | Reached XP level 2. HP: 16/22 MP: 3/5
   573 | D:1      | Learned a level 2 spell: Call Imp
  1440 | D:1      | Reached XP level 3. HP: 24/29 MP: 3/6
  1534 | D:1      | You fall into a shaft and drop 1 floor!
  1857 | D:1      | Reached skill level 5 in Summonings
  1945 | D:2      | Found Tozuy's Antique Weapon Boutique.
  2096 | D:2      | Reached XP level 4. HP: 32/35 MP: 6/8
  2191 | D:2      | Learned a level 3 spell: Call Canine Familiar
  2730 | D:3      | Reached skill level 6 in Summonings
  2769 | D:3      | Reached XP level 5. HP: 41/41 MP: 9/9
  2925 | D:3      | Found Ybokkol's Distillery.
  3595 | D:4      | Reached skill level 1 in Polearms
  3824 | D:4      | Found a stormy altar of Qazlal.
  3933 | D:5      | Entered Level 5 of the Dungeon
  4004 | D:5      | Reached XP level 6. HP: 36/48 MP: 7/10
  4034 | D:5      | Found a glowing drain.
  4165 | Sewer    | Entered a sewer
  4987 | D:2      | Bought an ebony trident for 204 gold pieces
  4987 | D:2      | Identified the +11 trident of Spores {venom, Int+3} (You
                  | bought it in a shop on level 2 of the Dungeon)
  5137 | D:5      | Reached skill level 1 in Shields
  5137 | D:5      | Reached XP level 7. HP: 48/54 MP: 11/11
  5456 | D:5      | Noticed Edmund
  6531 | D:5      | Killed Edmund
  6734 | D:6      | Reached XP level 8. HP: 60/60 MP: 6/12
  6780 | D:6      | Found a staircase to the Ecumenical Temple.
  6792 | Temple   | Entered the Ecumenical Temple
  6874 | Temple   | Upgraded the game from 0.27-a0-1188-g73eefd5def to
                  | 0.27-a0-1189-gb8eb6cee8e
  6879 | Temple   | Became a worshipper of Warmaster Okawaru
  7251 | D:3      | Bought a potion of heal wounds for 70 gold pieces
  7552 | D:7      | Noticed Maggie
  7565 | D:7      | Killed Maggie
  7565 | D:7      | Reached * piety under Okawaru
  7566 | D:7      | Reached skill level 7 in Summonings
  7682 | D:7      | Reached skill level 8 in Summonings
  7747 | D:7      | Noticed a hornet
  7756 | D:7      | Killed a hornet
  8079 | D:7      | Reached XP level 9. HP: 65/65 MP: 15/15
  8277 | D:7      | Reached skill level 1 in Evocations
  8689 | D:7      | Reached ** piety under Okawaru
  8692 | D:7      | Reached skill level 5 in Fighting
  8877 | D:7      | Found a blossoming altar of Fedhas.
  8880 | D:7      | Found a snail-covered altar of Cheibriados.
  8883 | D:7      | Found a glowing silver altar of Zin.
  8883 | D:7      | Found a radiant altar of Vehumet.
  8944 | D:7      | Found an ancient bone altar of Kikubaaqudgha.
  8946 | D:7      | Found an ornate altar of the Wu Jian Council.
  9226 | D:8      | Killed from afar by a steam dragon

Illustrated notes

Levels and vault maps discovered:
D:1:      dpeg_arrival_tiny_g, layout_basic, amcnicky_mini_corridor_feature
D:2:      layout_rooms, serial_shops, nicolae_shop_statue_plus, minmay_vboxes
D:3:      layout_basic, serial_shops, nicolae_shop_crystal,
          minmay_misc_feat_rows, minmay_box_of_dots
D:4:      layout_rooms, grunt_qazlal_clouds,
          hangedman_abyss_or_decor_lesser_grid
D:5:      layout_basic, portal_sewer_entry_b, uniq_edmund
D:6:      layout_basic, temple_hall, kennysheep_generic_room_15
D:7:      layout_basic, minitemple, kennysheep_generic_room_6, uniq_maggie
D:8:      minmay_chambers_of_fours, layout_cave_pods
Temple:   dshaligram_water_room_temple

Skill      XL: |  1  2  3  4  5  6  7  8  9 |
---------------+----------------------------+-----
Fighting       | 1 3 4 5 |  5.2
Summonings     | 5 6 8 |  8.0
Spellcasting   | 3 4 |  4.0
Stealth        | 2 3 4 |  4.0
Polearms       | 1 2 4 |  4.0
Dodging        | 3 4 |  4.0
Shields        | 1 3 4 |  4.0
Invocations    | 3 4 |  4.7
Evocations     | 2 |  2.8

Action                   |  1- 3 |  4- 6 |  7- 9 || total
-------------------------+-------+-------+-------++-------
Melee: Dagger            |    39 |       |       ||    39
       Unarmed           |     7 |       |       ||     7
       Spear             |    80 |   190 |       ||   270
       Trident           |       |     3 |   108 ||   111
 Cast: Summon Small Mamm |    14 |       |     4 ||    18
       Call Imp          |    15 |    19 |     9 ||    43
       Call Canine Famil |       |    12 |    15 ||    27
Invok: Heroism           |       |       |     1 ||     1
 Abil: Hop               |       |       |     1 ||     1
  Use: Scroll            |     3 |    10 |     9 ||    22
       Potion            |       |       |     1 ||     1
 Stab: Sleeping          |     5 |     9 |     3 ||    17
       Distracted        |     1 |     4 |     1 ||     6
Armor: Leather armour    |    36 |    33 |       ||    69
       Ring mail         |       |     1 |     8 ||     9
       Steam dragon scal |       |       |    12 ||    12
Dodge: Dodged            |    86 |    81 |    49 ||   216
Block: Buckler           |       |       |    15 ||    15

Table legend: (Time is in decaauts)
 A = Elapsed time spent in this place.
 B = Non-inter-level travel time spent in this place.
 C = Inter-level travel time spent in this place.
 D = Time resting spent in this place.
 E = Time spent auto-exploring this place.
 F = Levels seen in this place.
 G = Mean time per level.
                   A        B        C        D        E       F      G
               +--------+--------+--------+--------+--------+-----+--------+
         Total |  10352 |   9428 |    924 |    895 |   7011 |  10 | 1035.2 |
       Dungeon |   9540 |   8646 |    894 |    755 |   6515 |   8 | 1192.5 |
        Temple |    126 |     97 |     29 |      0 |     94 |   1 |  126.0 |
         Sewer |    685 |    685 |      0 |    140 |    400 |   1 |  685.0 |
               +--------+--------+--------+--------+--------+-----+--------+

Top non-repeatable levels by time:
     D:5: 2221 daAuts
     D:1: 2025 daAuts
     D:7: 1663 daAuts
     D:3: 1095 daAuts
     D:4: 938 daAuts
     D:6: 810 daAuts
     D:2: 748 daAuts
   Sewer: 685 daAuts
  Temple: 126 daAuts
     D:8: 38 daAuts
